 Dungeon Crawl Stone Soup version 0.31.0-1-g2c135a008e (webtiles) character file.

Game seed: 12632117695398640616

942 qw the Shooter (level 8, -2/58 HPs)
             Began as a Djinni Hunter on Jan 24, 2024.
             Was an Initiate of Okawaru.
             Slain by Jeremiah
             ... wielding a +3 trident of draining
              (4 damage)
             ... on level 6 of the Dungeon.
             The game lasted 00:00:22 (4576 turns).

qw the Shooter (Djinni Hunter)                      Turns: 4576, Time: 00:00:22

Health: -2/58      AC:  9    Str: 10    XL:     8   Next: 34%
Gold:   162        EV: 12    Int: 11    God:    Okawaru [......] SH:  0 Dex: 19

rFire   + + .        j - +0 longbow
rCold   x . .        (shield currently unavailable)
rNeg    . . .        g - +0 ring mail
rPois   inf          (no helmet)
rElec   .            (no cloak)
rCorr   .            (no gloves)
SInv    .            (boots unavailable)
Will    .....        (no amulet)
Stlth   +            i - +4 ring of protection
HPRegen 0.29/turn    (no ring)
MPRegen 0.00/turn

%: infuse magic (-3 HP)
@: flying
A: sickness immunity, fire resistance 2, cold vulnerability 1, float, innate
caster, HP casting, extra vitality 1
a: Renounce Religion


You were on level 6 of the Dungeon.
You worshipped Okawaru.
Okawaru was noncommittal.
You visited 2 branches of the dungeon, and saw 7 of its levels.

You collected 227 gold pieces.
You spent 65 gold pieces at shops.


Innate Abilities, Weirdness & Mutations

You are immune to sickness and miasma.
You are immune to poison.
Your flesh is very heat resistant. (rF++)
You are vulnerable to cold. (rC-)
You float through the air rather than walking.
You learn spells naturally, not from books.
Your magical power is your life essence.
You have superior vitality. (+4 MHP)


   Skills:
 + Level 4.0 Fighting
 - Level 7.1 Ranged Weapons
 - Level 1.0 Armour
 - Level 4.2 Dodging
 - Level 0.7 Stealth


You knew the following spells:

 Your Spells              Type           Power      Damage    Failure   Level
a - Summon Small Mammal   Summ           0%         N/A       65%         1
b - Blink                 Tloc           0%         N/A       80%         2
c - Fugue of the Fallen   Necr           0%         N/A       95%         3
Your spell library was empty.

Inventory:

Hand Weapons
 j - a +0 longbow (weapon)
Armour
 g - a +0 ring mail (worn)
Jewellery
 i - a +4 ring of protection (left hand)
Wands
 c - a wand of flame (31)
 e - a wand of polymorph (11)
Scrolls
 a - 3 scrolls of identify
 b - 2 scrolls of enchant armour
Potions
 d - 2 potions of curing
 f - 2 potions of enlightenment

Dungeon Overview and Level Annotations

Branches:
Dungeon (6/15)             Temple (1/1) D:4

Altars:
Ashenzari
Dithmenos
Elyvilon
Fedhas
Gozag
Hepliaklqana
Makhleb
Okawaru
Qazlal
Ru
Trog
Uskayaw
Wu Jian
Xom
Zin
The Shining One

Shops:
D:1 [   D:4 (

Annotations:
D:4 3 runed translucent doors, qw's ghost, novice GrHu
D:5 2 transporters
D:6 Jeremiah


Message History

You kill the butterfly!
The butterfly disappears in a burst of colours!
Jeremiah misses you.
Jeremiah hits you from afar with a +3 trident of draining.
The butterfly disappears in a burst of colours!
Jeremiah hits you from afar with a +3 trident of draining.
You shoot an arrow. The arrow closely misses Jeremiah.
The arrow hits the butterfly.
You kill the butterfly!
The butterfly disappears in a burst of colours!
Jeremiah hits you from afar with a +3 trident of draining.
Jeremiah hits you from afar with a +3 trident of draining!
Jeremiah barely misses you.
The butterfly disappears in a burst of colours!
Jeremiah hops!
You shoot an arrow. The arrow hits Jeremiah!
Jeremiah is moderately wounded.
The butterfly disappears in a burst of colours!
The butterfly disappears in a burst of colours! x2
The butterfly disappears in a burst of colours!
Jeremiah throws their arms up pleadingly.
Something smites you!
The butterfly disappears in a burst of colours! x2
The butterfly disappears in a burst of colours! x3
Jeremiah pinches themself.
Jeremiah cries, "Fearful master, protect me!"
Something smites you!
You shoot an arrow. The arrow hits the butterfly.
You kill the butterfly!
The butterfly disappears in a burst of colours!
The butterfly disappears in a burst of colours!
Jeremiah hops!
The butterfly disappears in a burst of colours! x4
Jeremiah hits you from afar with a +3 trident of draining!
The butterfly disappears in a burst of colours!
Jeremiah barely misses you.
The butterfly disappears in a burst of colours!
Jeremiah hits you from afar with a +3 trident of draining.
You die...
Jeremiah asks, "Is it over?
Can I wake up now?"

### ..# #.# ##.#
####### ..#
......$ #b#
.b.....
#b####b##b......
#.bb..b@bFb..b..
#########b#...#b
.# ## .. ###


You could see Jeremiah.

Vanquished Creatures
  A black bear (D:4)
  4 scorpions
  A crimson imp (D:3)
  A bombardier beetle (D:4)
  3 hounds
  Jessica (D:2)
  An iguana (D:5)
  7 orc wizards
  3 gnolls (D:3)
  5 adders
  A shadow imp (D:5)
  A white imp (D:5)
  3 dart slugs
  4 ribbon worms
  20 orcs
  5 ball pythons
  A bat (D:3)
  6 endoplasms
  9 giant cockroaches
  9 goblins
  6 hobgoblins
  6 jackals
  3 quokkas
  3 training dummies (D:4)
  8 frilled lizards
  3 kobolds
  4 rats
119 creatures vanquished.

Notes
Turn   | Place    | Note
-------+----------+-------------------------------------------
     0 | D:1      | qw the Djinni Hunter began the quest for the Orb.
     0 | D:1      | Reached XP level 1. HP: 18/18 MP: 0/0
     0 | D:1      | 0 ||| qw: Version: 0.3-a-136-gdd3b4e8
     0 | D:1      | 0 ||| qw: Game counter: 1207
     0 | D:1      | 0 ||| qw: Melee chars always use a shield: true
     0 | D:1      | 0 ||| qw: God list: Okawaru
     0 | D:1      | 0 ||| qw: Allow faded altars: false
     0 | D:1      | 0 ||| qw: Do Orc after clearing Dungeon:15 true
     0 | D:1      | 0 ||| qw: Do second Lair branch before Depths: true
     0 | D:1      | 0 ||| qw: Lair rune preference: random
     0 | D:1      | 0 ||| qw: Goals: Normal
     0 | D:1      | 0 ||| PLANNING D:1-11
    77 | D:1      | Reached XP level 2. HP: 23/23 MP: 0/0
   208 | D:1      | Found Xililyfyci's Antique Armour Boutique.
   220 | D:1      | 220 ||| SHOPLISTING helmet (85 gold, have 16).
   220 | D:1      | 220 ||| SHOPLISTING ring mail (76 gold, have 16).
   324 | D:1      | Reached XP level 3. HP: 28/28 MP: 0/0
   324 | D:1      | Learned a level 1 spell: Summon Small Mammal
   329 | D:1      | Reached skill level 4 in Ranged Weapons
   662 | D:1      | 662 ||| READING scroll labelled TOBIPSUEBB.
   663 | D:1      | 663 ||| READING scroll labelled YTZIYMO ZAROE.
   663 | D:1      | 663 ||| IDENTIFYING 2 murky inky potions
   664 | D:1      | 664 ||| READING scroll labelled PIANET NUYH.
   665 | D:1      | 665 ||| READING scroll labelled QABLEJULOS.
   666 | D:1      | 666 ||| DROPPING scroll of butterflies.
   840 | D:2      | Noticed Jessica
   843 | D:2      | Killed Jessica
   844 | D:2      | Reached skill level 3 in Fighting
   844 | D:2      | Reached XP level 4. HP: 23/35 MP: 0/0
  1436 | D:2      | Reached skill level 3 in Dodging
  1507 | D:2      | 1507 ||| UPGRADING to +0 ring mail.
  1517 | D:2      | 1517 ||| DROPPING +0 leather armour.
  1518 | D:2      | 1518 ||| UPGRADING to +4 ring of protection.
  1519 | D:2      | 1519 ||| READING scroll of identify.
  1519 | D:2      | 1519 ||| IDENTIFYING fuming red potion
  1520 | D:2      | 1520 ||| READING scroll labelled WUROMA YDAESUS.
  1621 | D:2      | 1621 ||| READING scroll labelled VOYRES DEIQIACOY.
  1621 | D:2      | 1621 ||| ENCHANTING +0 shortbow.
  1719 | D:3      | Reached XP level 5. HP: 40/40 MP: 0/0
  1719 | D:3      | Learned a level 2 spell: Blink
  1764 | D:3      | Reached skill level 1 in Armour
  1785 | D:3      | HP: 9/40 [gnoll/+0 spear (6)]
  1786 | D:3      | 1786 ||| DRINKING potion of heal wounds.
  1987 | D:3      | Reached XP level 6. HP: 38/46 MP: 0/0
  2056 | D:3      | Reached skill level 5 in Ranged Weapons
  2290 | D:3      | Found a shimmering altar of Xom.
  2291 | D:3      | Found a burning altar of Makhleb.
  2306 | D:3      | Reached XP level 7. HP: 52/52 MP: 0/0
  2306 | D:3      | Learned a level 3 spell: Fugue of the Fallen
  2397 | D:3      | 2397 ||| DRINKING grey potion.
  2747 | D:3      | 2747 ||| READING scroll of identify.
  2747 | D:3      | 2747 ||| IDENTIFYING scroll labelled QILINL TASEQECINT
  2748 | D:3      | 2748 ||| READING scroll labelled RYS MITWEMINT.
  2978 | D:4      | 2978 ||| ZAPPING wand of flame (33) at 1,-1 (black bear;
                  | floor).
  2979 | D:4      | 2979 ||| ZAPPING wand of flame (32) at 1,-1 (black bear;
                  | floor).
  2980 | D:4      | Reached skill level 6 in Ranged Weapons
  3055 | D:4      | Found a staircase to the Ecumenical Temple.
  3056 | D:4      | 3056 ||| PLANNING TEMPLE
  3065 | Temple   | Entered the Ecumenical Temple
  3066 | Temple   | 3066 ||| PLANNING OKAWARU WORSHIP
  3073 | Temple   | Became a worshipper of Warmaster Okawaru
  3074 | Temple   | 3074 ||| PLANNING D:1-11
  3133 | D:4      | Found a runed translucent gate.
  3133 | D:4      | Found a runed translucent gate.
  3133 | D:4      | Found an opulent altar of Gozag.
  3134 | D:4      | Found a runed translucent gate.
  3136 | D:4      | Noticed qw's ghost (novice GrHu)
  3384 | D:4      | Found Zecudasu's Firing Range.
  3394 | D:4      | 3394 ||| BUYING +0 longbow (65 gold).
  3394 | D:4      | Bought a +0 longbow for 65 gold pieces
  3394 | D:4      | 3394 ||| SHOPLISTING +1 hand cannon of freezing (133 gold,
                  | have 98).
  3394 | D:4      | 3394 ||| SHOPLISTING +2 hand cannon of flaming (183 gold,
                  | have 98).
  3394 | D:4      | 3394 ||| SWAPPING to +0 longbow.
  3395 | D:4      | 3395 ||| DROPPING +1 shortbow.
  3482 | D:4      | 3482 ||| READING scroll labelled KYNGEVV SYPNISTI.
  3535 | D:5      | Entered Level 5 of the Dungeon
  3638 | D:5      | Found a hazy altar of Hepliaklqana.
  3685 | D:5      | Reached XP level 8. HP: 57/58 MP: 0/0
  3689 | D:5      | 3689 ||| DRINKING 3 bubbling green potions.
  3915 | D:5      | Found a transporter.
  3982 | D:5      | Found a transporter.
  4162 | D:5      | 4162 ||| RETREEEEATING.
  4163 | D:5      | 4163 ||| RETREEEEATING.
  4164 | D:5      | 4164 ||| RETREEEEATING.
  4177 | D:5      | Reached skill level 7 in Ranged Weapons
  4350 | D:6      | Noticed Jeremiah
  4354 | D:6      | 4354 ||| FLEEEEING.
  4355 | D:6      | 4355 ||| FLEEEEING.
  4356 | D:6      | 4356 ||| STAIRDANCE
  4401 | D:6      | 4401 ||| STAIRDANCE
  4452 | D:6      | 4452 ||| STAIRDANCE
  4507 | D:6      | 4507 ||| STAIRDANCE
  4572 | D:6      | HP: 8/58 [Jeremiah/divine providence (12)]
  4574 | D:6      | HP: 2/58 [Jeremiah/+3 trident of draining (7)]
  4576 | D:6      | Slain by Jeremiah

Levels and vault maps discovered:
D:1:      minmay_arrival_doors, layout_loops_ring, serial_shops, shop
D:2:      layout_loops_cross, serial_bayou, serial_bayou_lake_a,
          serial_bayou_shore_b, serial_bayou_pond_e, serial_bayou_ford_a,
          serial_bayou_pond_c, serial_bayou_pond_b, uniq_jessica
D:3:      minmay_skewed_foursquare, layout_basic,
          grunt_temple_overflow_champion_of_chaos, grunt_ministairs_3,
          minmay_misc_feat_secret_circle, st_stairs_5
D:4:      layout_cave_pools, minmay_temple_entry_mini_moons,
          ebering_ghost_gozag, minmay_misc_feat_chi, nicolae_shop_firing_range
D:5:      gammafunk_steamed_eel, layout_loops_ring, led_sif_pool,
          mainiacjoe_overflow_cross_hatched, kennysheep_generic_room_2
D:6:      layout_loops_cross, mainiacjoe_overflow_boulevard, serial_shops, shop,
          dk_noncrumbling_3, uniq_jeremiah, uniq_prince_ribbit1
Temple:   nicolae_temple_two_arcs

Skill      XL: |  1  2  3  4  5  6  7  8 |
---------------+-------------------------+-----
Ranged Weapons | 4 5 6 7 |  7.1
Fighting       | 3 4 |  4.0
Dodging        | 3 4 |  4.2
Armour         | 1 |  1.0
Stealth        | |  0.7

Action                     |  1- 3 |  4- 6 |  7- 9 || total
---------------------------+-------+-------+-------++-------
   Fire: Shortbow          |    80 |   169 |   117 ||   366
         Longbow           |       |       |    62 ||    62
  Evoke: Wand              |       |       |     2 ||     2
    Use: Scroll            |     4 |     3 |     3 ||    10
         Potion            |       |     1 |     2 ||     3
 Armour: Leather armour    |    15 |    13 |       ||    28
         Ring mail         |       |    61 |    90 ||   151
  Dodge: Dodged            |    18 |    68 |    50 ||   136

Table legend:
 A = Non-vault XP
 B = Vault XP
 C = Vault XP percentage of total XP
 D = Non-vault monster count
 E = Vault monster count
 F = Vault count percentage of total count
                 A         B        C        D         E       F
            +---------+---------+-------+---------+---------+-------
      Total |    1065 |     281 |  20.9 |     100 |      19 |  16.0
            +---------+---------+-------+---------+---------+-------
        D:1 |      44 |       0 |   0.0 |      24 |       0 |   0.0
        D:2 |      49 |      39 |  44.3 |      12 |       2 |  14.3
        D:3 |     296 |     157 |  34.7 |      25 |      12 |  32.4
        D:4 |     308 |       6 |   1.9 |      23 |       3 |  11.5
        D:5 |     368 |      79 |  17.7 |      16 |       2 |  11.1
            +---------+---------+-------+---------+---------+-------
